 Dungeon Crawl Stone Soup version 0.21-a0-344-g2144152 (webtiles) character file.

9 tidbits the Scratcher (level 2, 0/12 HPs)
             Began as a Felid Transmuter on Oct 4, 2017.
             Slain by a gnoll
             ... wielding a +0 spear
              (4 damage)
             ... on level 3 of the Dungeon.
             The game lasted 00:01:05 (167 turns).

tidbits the Scratcher (Felid Transmuter)             Turns: 167, Time: 00:01:06

Health: 0/12       AC:  1    Str:  6    XL:     2   Next: 3%
Magic:  6/6        EV: 18    Int: 14    God:
Gold:   4          SH:  0    Dex: 16    Spells: 2/5 levels left
                                        Lives:  0   Deaths: 0

rFire    . . .     SeeInvis +     - Unarmed
rCold    . . .     Gourm    .   (shield unavailable)
rNeg     . . .     Faith    .   (armour unavailable)
rPois    .         Spirit   .   (helmet unavailable)
rElec    .         Reflect  .   (cloak unavailable)
rCorr    .         Harm     .   (gloves unavailable)
MR       .....                  (boots unavailable)
Stlth    +++.......             (no amulet)
HPRegen  0.04/turn              (no ring)
MPRegen  0.10/turn              (no ring)

@: quick
A: no armour, no weapons or thrown items, stealth, claws 1, fangs 3, see
invisible, carnivore 3, speed 1, shaggy fur 1, slow metabolism 1, sharp paws
a: no special abilities


You were on level 3 of the Dungeon.
You were not hungry.

You visited 1 branch of the dungeon, and saw 3 of its levels.

You collected 4 gold pieces.

Inventory:

Missiles
 a - 12 arrows
Books
 b - a book of Changes

   Spells                             Type                      Level
   a - Beastly Appendage              Transmutation                1
   b - Sticks to Snakes               Transmutation                2
   c - Spider Form                    Transmutation/Poison         3
   d - Ice Form                       Ice/Transmutation            4
   e - Blade Hands                    Transmutation                5
Comestibles
 c - a meat ration


   Skills:
 - Level 1.0 Fighting
 - Level 2.6 Dodging
 + Level 2.6 Stealth
 - Level 3.0 Unarmed Combat
 - Level 2.0 Spellcasting
 - Level 2.1 Transmutations


You had 2 spell levels left.
You knew the following spells:

 Your Spells              Type           Power        Failure   Level  Hunger
e - Beastly Appendage     Tmut           #.....       10%         1    ##.....
k - Sticks to Snakes      Tmut           #.......     14%         2    ###....


Dungeon Overview and Level Annotations

Branches:
Dungeon (3/15)

Altars:


Innate Abilities, Weirdness & Mutations

You cannot wear armour.
You are incapable of wielding weapons or throwing items.
Your paws allow you to move quietly. (Stealth)
You have sharp claws.
You have razor-sharp teeth.
You have supernaturally acute eyesight. (SInv)
You are carnivorous and can eat meat at any time.
You cover ground quickly.
You are covered in fur. (AC +1)
You have a slow metabolism.
Your sharp claws are effective at attacking unaware monsters.


Message History

You extend your transformation's duration.
A giant cockroach comes into view.
You scratch the goblin.
You kill the goblin!
Your Stealth skill increases to level 1!
You see here a club.
You scratch the giant cockroach.
The giant cockroach is heavily wounded.
Your transformation is almost over.
The giant cockroach barely misses you.
You scratch the giant cockroach.
The giant cockroach is severely wounded.
The giant cockroach bites you.
You scratch the giant cockroach.
You kill the giant cockroach!
Your horns disappear.
You open the door.
Found 4 gold pieces.
There is an open door here.
You now have 4 gold pieces.
You open the door.
A rat comes into view.
There is an open door here.
You closely miss the rat.
The rat twitches its whiskers.
The rat completely misses you.
You barely miss the rat. The rat barely misses you.
You scratch the rat.
You kill the rat!
Casting: Beastly Appendage
Confirm with . or Enter, or press ? or * to list all spells.
You grow a pair of large bovine horns.
You see here a rat corpse.
Your transformation is almost over.
HP restored.
Your horns disappear.
A dart slug comes into view.
Casting: Beastly Appendage
Confirm with . or Enter, or press ? or * to list all spells.
You grow a pair of large bovine horns.
Your transformation is almost over.
You scratch the dart slug.
The dart slug is severely wounded.
The dart slug bites you.
You scratch the dart slug.
The dart slug is almost dead.
The dart slug barely misses you.
You scratch the dart slug.
You kill the dart slug!
Your Stealth skill increases to level 2!
You see here a dart slug corpse.
Found a stone staircase leading down.
Your horns disappear.
There is a stone staircase leading down here.
You climb downwards.
A worm comes into view.
Found a fuming pink potion and 47 stones.
There is a stone staircase leading up here.
A hobgoblin comes into view. It is wielding a club.
Found a stone staircase leading down.
Casting: Beastly Appendage
Confirm with . or Enter, or press ? or * to list all spells.
You grow a pair of large bovine horns.
A hobgoblin comes into view. It is wielding a club.
The hobgoblin shouts!
The hobgoblin barely misses you.
You closely miss the hobgoblin. The hobgoblin hits you with a club.
Your transformation is almost over.
You scratch the hobgoblin.
The hobgoblin is severely wounded.
The hobgoblin hits you with a club.
* * * LOW HITPOINT WARNING * * *
You scratch the hobgoblin. You headbutt the hobgoblin.
You kill the hobgoblin!
You have reached level 2!
Your horns disappear.
Found a ring mail.
Memorise Sticks to Snakes, consuming 2 spell levels and leaving 2?
You start memorising the spell.
You continue memorising. x2
You finish memorising.
Spell assigned to 'k'.
You see here a ring mail.
A frilled lizard comes into view.
There is a stone staircase leading down here.
You climb downwards.
A ball python and a centaur come into view.
The centaur shouts!
The ball python hisses angrily.
You hear a bark!
You hear a shout! x2; You hear an angry hiss.
Found 19 gold pieces, a bubbling red potion and a golden ring.
There is a stone staircase leading up here.
Found a stone staircase leading up.
A gnoll comes into view. It is wielding a spear.
Found 14 gold pieces.
A jackal comes into view.
A jackal and a gnoll come into view.
A gnoll comes into view. It is wielding a spear.
A gnoll comes into view. It is wielding a spear.
There is a stone staircase leading up here.
The gnoll shouts!
The jackal barks!
You hear a bark!
The gnoll hits you from afar with a spear.
You die... ..# $..##.### #.#.....#.#$. #.#....g.... # ##$.......g. .#..##.<# gh#

........# ##.###g.
##...##.####gh.....
..............#
##..........@.#
#...........##
#...........#
#.##.##.##..# #. #.
#.##..# . #.
#....## ...... ...


You could see 4 gnolls and 2 jackals.

Vanquished Creatures
  A dart slug (D:1)
  2 giant cockroaches (D:1)
  A goblin (D:1)
  A hobgoblin (D:2)
  A rat (D:1)
6 creatures vanquished.

Notes
Turn   | Place    | Note
-------+----------+-------------------------------------------
     0 | D:1      | tidbits the Felid Transmuter began the quest for the Orb.
     0 | D:1      | Reached XP level 1. HP: 9/9 MP: 4/4
     9 | D:1      | Noticed an electric eel
     9 | D:1      | Noticed an electric eel
    16 | D:1      | Reached skill level 1 in Stealth
   103 | D:1      | Reached skill level 2 in Stealth
   131 | D:2      | Reached XP level 2. HP: 3/12 MP: 6/6
   143 | D:2      | Learned a level 2 spell: Sticks to Snakes
   159 | D:3      | Noticed a centaur
   167 | D:3      | Slain by a gnoll

Vault maps used:
D:1:      arrival_aquarium_b
D:2:      overflow_temple_1_default, eat_drink_and_be_merry_uskayaw
D:3:      marbit_many_paths, trog_hazing_becter

Skill      XL: |  1 |
---------------+----+-----
Stealth        | 2 |  2.6
Fighting       | |  1.0
Dodging        | |  2.6
Unarmed Combat | |  3.0
Spellcasting   | |  2.0
Transmutations | |  2.1

Action                   || total
-------------------------++-------
Melee: Unarmed           ||    18
       Headbutt          ||     2
 Cast: Beastly Appendage ||     5
Dodge: Dodged            ||     8

Table legend:
 A = Spawn XP
 B = Non-spawn XP
 C = Spawn XP percentage of total XP
 D = Spawn monster count
 E = Non-spawn monster count
 F = Spawn count percentage of total count
 G = Total turns spent on level
                    A         B        C        D         E        F      G
               +---------+---------+-------+---------+---------+-------+---------
         Total |       0 |      13 |   0.0 |       0 |       6 |   0.0 |   167
               +---------+---------+-------+---------+---------+-------+---------
           D:1 |       0 |      11 |   0.0 |       0 |       5 |   0.0 |   115
           D:2 |       0 |       2 |   0.0 |       0 |       1 |   0.0 |    44
               +---------+---------+-------+---------+---------+-------+---------

Table legend:
 A = Turns spent in this place as a percentage of turns spent in the entire game.
 B = Non-inter-level travel turns spent in this place as a percentage of non-inter-level travel turns spent in the entire game.
 C = Inter-level travel turns spent in this place as a percentage of turns spent in this place.
 D = Turns resting spent in this place as a percentage of non-inter-level travel turns spent in this place.
 E = Turns spent auto-exploring this place as a percentage of non-inter-level travel turns spent in this place.
 F = Non-inter-level travel turns spent in this place divided by the number of levels of this place that you've seen.
                   A       B       C       D       E      F
               +-------+-------+-------+-------+-------+----------------------
         Total | 100.0 | 100.0 |   0.0 |   0.0 |   0.0 |  55.7
       Dungeon | 100.0 | 100.0 |   0.0 |   0.0 |   0.0 |  55.7
               +-------+-------+-------+-------+-------+----------------------

Table legend:
 A = Kills in this place as a percentage of kills in entire the game.
 B = Kills by you in this place as a percentage of kills by you in the entire game.
 C = Kills by friends in this place as a percentage of kills by friends in the entire game.
 D = Other kills in this place as a percentage of other kills in the entire game.
 E = Experience gained in this place as a percentage of experience gained in the entire game.
 F = Experience gained in this place divided by the number of levels of this place that you have seen.
                   A       B       C       D       E      F
               +-------+-------+-------+-------+-------+----------------------
         Total | 100.0 | 100.0 |   N/A |   N/A | 100.0 |   4.3
       Dungeon | 100.0 | 100.0 |   N/A |   N/A | 100.0 |   4.3
               +-------+-------+-------+-------+-------+----------------------

Vault maps used:
D:1:      arrival_aquarium_b
D:2:      overflow_temple_1_default, eat_drink_and_be_merry_uskayaw
D:3:      marbit_many_paths, trog_hazing_becter
